 Dungeon Crawl Stone Soup version 0.29.0-13-gc9e81de378 (webtiles) character file.

Game seed: 10735938239876173917

5 night the Caller (level 1, 0/7 HPs)
             Began as a Felid Summoner on Sept 7, 2022.
             Hit by a stone thrown by a kobold (2 damage)
             ... on level 1 of the Dungeon.
             The game lasted 00:00:38 (195 turns).

night the Caller (Felid Summoner)                    Turns: 195, Time: 00:00:38

Health: 0/7        AC:  1    Str:  4    XL:     1   Next: 66%
Magic:  1/4        EV: 17    Int: 16    God:
Gold:   27         SH:  0    Dex: 16    Spells: 3/4 levels left
                                        Lives:  0   Deaths: 0

rFire   . . .      SeeInvis +   (weapon unavailable)
rCold   . . .      Faith    .   (shield unavailable)
rNeg    . . .      Spirit   .   (body armour unavailable)
rPois   .          Reflect  .   (helmet unavailable)
rElec   .          Harm     .   (cloak unavailable)
rCorr   .          Rampage  .   (gloves unavailable)
Will    .....                   (boots unavailable)
Stlth   ++........              (no amulet)
HPRegen 0.02/turn               (no ring)
MPRegen 0.09/turn               (no ring)

@: quick
A: very small, claws 1, fangs 3, see invisible, speed 1, shaggy fur 1, stealthy
paws, no weapons or thrown items, no armour, multi-lived
a: no special abilities


You were on level 1 of the Dungeon.
You visited 1 branch of the dungeon, and saw 1 of its levels.

You collected 27 gold pieces.

Inventory:

Potions
 a - 2 potions of magic
 b - a potion of might {unknown}


   Skills:
 - Level 2.6 Dodging
 - Level 2.6 Stealth
 + Level 2.2 Spellcasting
 + Level 4.1 Summonings


You had 3 spell levels left.
You knew the following spells:

 Your Spells              Type           Power      Damage    Failure   Level
a - Summon Small Mammal   Summ           60%        N/A       3%          1

Your spell library contained the following spells:

 Spells                   Type           Power      Damage    Failure   Level
 Call Imp                 Summ           15%        N/A       5%          2
 Call Canine Familiar     Summ           15%        N/A       11%         3
 Summon Guardian Golem    Hex/Summ       8%         N/A       26%         3
 Summon Lightning Spire   Summ/Air       8%         N/A       65%         4


Dungeon Overview and Level Annotations

Branches:
Dungeon (1/15)

Altars:


Innate Abilities, Weirdness & Mutations

You have sharp claws.
You have razor-sharp teeth.
You have supernaturally acute eyesight. (SInv)
You cover ground quickly. (Speed+)
You are covered in fur. (AC +1)
Your paws help you pounce on unaware monsters.
You are incapable of wielding weapons or throwing items.
You cannot wear armour.
You gain extra lives every three experience levels.


Message History

The hobgoblin shouts!
A kobold comes into view. It is wielding a +0 whip.
Casting: Summon Small Mammal (safe; 3% risk of failure)
Confirm with . or Enter, or press ? or * to list all spells.
Unknown command.
Casting: Summon Small Mammal (safe; 3% risk of failure)
Confirm with . or Enter, or press ? or * to list all spells.
Unknown command.
The kobold throws a stone.
The stone barely misses your rat. The stone completely misses you.
Your rat bites the hobgoblin.
The hobgoblin hits your quokka but does no damage.
Your rat closely misses the hobgoblin.
Your quokka bites the hobgoblin.
The hobgoblin hits your quokka.
Your quokka dies!
Your quokka's corpse disappears in a puff of smoke!
Your rat closely misses the hobgoblin.
Your rat barely misses the kobold.
Casting: Summon Small Mammal (safe; 3% risk of failure)
Confirm with . or Enter, or press ? or * to list all spells.
The kobold throws a stone.
The stone closely misses you.
Your rat bites the hobgoblin but does no damage.
Unknown command.
Casting: Summon Small Mammal (safe; 3% risk of failure)
Confirm with . or Enter, or press ? or * to list all spells.
Your rat disappears in a puff of smoke!
The hobgoblin completely misses you.
Unknown command.
You scratch the hobgoblin.
The hobgoblin is almost dead.
The hobgoblin hits you. The kobold hits you with a +0 whip.
Ouch! That really hurt!
* * * LOW HITPOINT WARNING * * *
Your rat misses the kobold.
You are too injured to fight recklessly!
You swap places.
The hobgoblin barely misses your rat. The kobold closely misses your rat.
Your rat barely misses the kobold.
Your rat closely misses the hobgoblin.
The hobgoblin barely misses your rat.
The kobold throws a stone.
The stone closely misses your rat. The stone hits you.
You die...

#### ########..# ## .
#....##...## #.
..###....##.#..####### #.
...................... #.
............##§####### ##
......Kr.@####.......#####
......gr.## #.†####.##...
...##.#.## #...# #....
.....# #.#|# #......
......## #.#.####..###
..#.... #.#..# #..### .
#.... #.##.###..... ......
#.##......... ...... #.
####......


You could see a hobgoblin (ally target), a kobold (ally target) and 2 friendly
rats.

Vanquished Creatures
  A hobgoblin (D:1)
1 creature vanquished.

Vanquished Creatures (collateral kills)
  A goblin (D:1)
  2 hobgoblins (D:1)
3 creatures vanquished.

Grand Total: 4 creatures vanquished

Notes
Turn   | Place    | Note
-------+----------+-------------------------------------------
     0 | D:1      | night the Felid Summoner began the quest for the Orb.
     0 | D:1      | Reached XP level 1. HP: 7/7 MP: 4/4
   195 | D:1      | Hit by a stone thrown by a kobold

Illustrated notes

Levels and vault maps discovered:
D:1:      dpeg_arrival_simpleton_b, layout_rooms

Action                   || total
-------------------------++-------
Melee: Unarmed           ||    16
       Bite              ||     1
 Cast: Summon Small Mamm ||    12
Armor: Skin              ||     1
Dodge: Dodged            ||    14
